cohdb
Replays
Latest Replays
All Replays
Popular Replays
Top Player Replays
Match Explorer
How It Works
Community
CoH3 Stats
Reddit
Sign in to upload your games and track your stats! →
Sign in with Steam
Match 39657470
Unlisted
Match 39657470
Overview
Messages
Build Orders
End
Royal Engineer Section
Selects Canadian Shock Battlegroup
Royal Engineer Section
Vickers Machine Gun Team
Construct Field Infirmary
Construct Section Command Post
Selects Offensive Resupply
Infantry Section
Construct Platoon Command Post
Selects Incendiary Munitions
Selects Canadian Shock Section
Canadian Shock Section
Canadian Shock Section
Construct Platoon Command Post
Infantry Training
Selects Pyrotechnics
Selects Demolition Engineering
Selects Smoke Operation
Exf
Gravey
0
0
Comments
sign in to comment!
No comments posted yet!